Canadiens vs Kings
Created - June 29, 2023 at 21:28
Goals
|
| Canadiens |
0 |
1 |
1 |
2 |
| Kings |
1 |
0 |
0 |
1 |
|
Shots
|
| Canadiens |
7 |
16 |
5 |
28 |
| Kings |
7 |
5 |
7 |
19 |
|
1st period
1. Kings , Rasmus Ristolainen 7 (Kyle Clifford 9) at 4:16
Penalties :
Nikita Kucherov (Mon) for Hooking (Minor) at 11:45
2nd period
2. Canadiens , Greg Stewart 5 (Jean-Gabriel Pageau 6) at 2:27
Penalties :
Jean-Gabriel Pageau (Mon) for Tripping (Minor) at 9:33, Darnell Nurse (L.A) for Hooking (Minor) at 12:45
3rd period
3. Canadiens , Jordan Szwarz 3 (Greg Stewart 6) at 11:14
Penalties :
Greg Stewart (Mon) for Tripping (Minor) at 3:29, Mitch Marner (L.A) for Roughing (Minor) at 6:39, Rickard Rakell (Mon) for Roughing (Minor) at 7:58, Mikko Rantanen (L.A) for Roughing (Minor) at 11:23, Corban Knight (Mon) for Elbowing (Minor) at 17:40
Goalie Stats
Robin Lehner (Mon), 18 saves from 19 shots - (0.947), W, 12-4-0, 60:00 minutes
Alexandar Georgiev (L.A), 26 saves from 28 shots - (0.929), L, 8-3-0, 60:00 minutes
Players Stats for Canadiens
Player Name G A P +/- PIM S H SB GA TA FO MP PP MP PK MP
------------------------------------------------------------------------------------
Adam Fox 0 0 0 1 0 2 0 2 0 1 0/0 20:54 3:03 0:20
Brandon Bollig 0 0 0 0 0 2 1 0 0 0 0/0 9:54 0:00 3:35
Brian Dumoulin 0 0 0 -1 0 2 0 1 0 1 0/0 13:27 0:00 0:46
Cam Fowler 0 0 0 0 0 1 1 1 0 1 0/0 21:45 2:14 4:49
Chris Kreider 0 0 0 0 0 1 2 0 1 0 0/0 19:49 3:01 0:28
Corban Knight 0 0 0 0 2 0 0 0 0 0 2/4 9:08 0:00 2:50
Greg Stewart 1 1 2 0 2 3 2 0 0 0 1/1 14:54 2:16 0:00
Jean-Gabriel Pageau 0 1 1 0 2 1 2 0 0 0 9/19 16:34 2:16 0:42
Jordan Szwarz 1 0 1 1 0 3 2 1 0 0 0/0 10:00 0:00 0:00
Kevin Shattenkirk 0 0 0 1 0 2 2 0 1 0 0/0 24:47 3:03 4:06
Mark Stuart 0 0 0 1 0 1 1 0 0 0 0/0 22:06 2:14 4:23
Mattias Tedenby 0 0 0 0 0 2 0 0 1 0 0/0 5:55 0:00 0:00
Mika Zibanejad 0 0 0 0 0 1 0 1 1 1 6/21 19:28 3:01 0:37
Mike Richards 0 0 0 1 0 1 3 1 0 0 3/7 14:55 0:00 5:06
Nikita Kucherov 0 0 0 0 2 3 1 0 0 1 0/1 19:10 3:01 0:20
Rickard Rakell 0 0 0 0 2 0 2 0 0 0 0/2 15:16 2:15 0:00
Scott Hartnell 0 0 0 1 0 2 0 0 0 0 0/0 14:57 0:00 4:52
Sean Zimmerman 0 0 0 0 0 1 0 1 1 0 0/0 17:01 0:00 4:06
Players Stats for Kings
Player Name G A P +/- PIM S H SB GA TA FO MP PP MP PK MP
------------------------------------------------------------------------------------
Auston Matthews 0 0 0 -1 0 0 1 1 1 0 8/20 16:38 4:23 0:00
Benoit Pouliot 0 0 0 0 0 1 0 0 1 1 0/0 10:01 1:04 0:58
Chris Tierney 0 0 0 -1 0 2 0 1 0 0 0/1 17:51 3:44 1:08
Darnell Nurse 0 0 0 -2 2 1 0 1 1 0 0/0 19:31 0:49 1:26
Ian White 0 0 0 -2 0 0 0 3 0 1 0/0 16:54 0:00 0:00
Ilya Kovalchuk 0 0 0 0 0 0 0 0 1 0 0/0 7:37 0:00 0:00
Jason Akeson 0 0 0 0 0 0 0 0 0 0 2/4 7:57 0:00 0:00
Jason Spezza 0 0 0 1 0 1 0 0 0 1 0/0 13:48 0:12 1:06
Jeff Schultz 0 0 0 1 0 0 0 3 0 0 0/0 21:04 0:00 2:58
Kyle Clifford 0 1 1 1 0 2 0 0 1 0 0/1 19:41 4:08 2:56
Mark Fistric 0 0 0 0 0 0 0 1 0 1 0/0 12:43 0:49 2:19
Mark Scheifele 0 0 0 1 0 3 2 0 0 0 11/13 20:44 4:42 3:02
Mikko Rantanen 0 0 0 -1 2 0 2 0 0 0 1/1 16:52 4:11 0:00
Mitch Marner 0 0 0 -1 2 1 0 0 0 0 2/2 17:04 4:52 0:00
Rasmus Ristolainen 1 0 1 1 0 5 1 0 0 0 0/0 26:26 4:42 3:26
Sean Monahan 0 0 0 -1 0 2 3 0 0 1 10/13 18:50 4:52 1:24
Thomas Chabot 0 0 0 0 0 0 1 1 0 0 0/0 14:03 3:44 0:25
William Nylander 0 0 0 -1 0 1 2 0 0 0 0/0 16:16 4:03 0:00
3 Stars
1 - Jordan Szwarz (Mon)
2 - Greg Stewart (Mon)
3 - Rasmus Ristolainen (L.A)
Power Play
Canadiens - 0 on 3 Attempt(s) - 0.00%
Kings - 0 on 5 Attempt(s) - 0.00%
Penalty Kill
Canadiens - 5 on 5 Attempt(s) - 100.00%
- Score 0 goal in Penalty Kill
Kings - 3 on 3 Attempt(s) - 100.00%
- Score 0 goal in Penalty Kill
Team Stat
Canadiens - Hits : 19 - Faceoff Wins : 21 - Blocked Shots : 8 - Penalty Minutes : 10
Kings - Hits : 12 - Faceoff Wins : 34 - Blocked Shots : 11 - Penalty Minutes : 6
Official
Referees : Jacob Brenk and Dan O'Rourke
Linesman : Ryan Galloway and Scott Cherrey
Game Notes
No Game Note
Finance
Level 1 -- Attendance: 6000 (100.00%) -- Ticket Income $600,000
Level 2 -- Attendance: 5000 (100.00%) -- Ticket Income $300,000
Level 3 -- Attendance: 2000 (100.00%) -- Ticket Income $70,000
Level 4 -- Attendance: 4000 (100.00%) -- Ticket Income $100,000
Luxury Box -- Attendance: 1000 (100.00%) -- Ticket Income $200,000
Game was played at the Staples Center.
Total Attendance: 18000 (100.00%)
Total Ticket Income: $1,270,000
Other Income: $190,500
Total Income: $1,460,500
Canadiens
5 vs 5 Forward
Center Left Wing Right Wing Time % Phy DF OF
1 Mika Zibanejad Chris Kreider Nikita Kucherov 40 0 2 3
2 Jean-Gabriel Pageau Greg Stewart Rickard Rakell 35 0 2 3
3 Mike Richards Scott Hartnell Jordan Szwarz 20 0 2 3
4 Corban Knight Brandon Bollig Mattias Tedenby 5 0 2 3
5 vs 5 Defense
Defense Defense Time % Phy DF OF
1 Kevin Shattenkirk Cam Fowler 40 0 3 2
2 Mark Stuart Adam Fox 35 0 3 2
3 Brian Dumoulin Sean Zimmerman 15 0 3 2
4 Adam Fox Kevin Shattenkirk 10 0 3 2
PowerPlay Forward
Center Left Wing Right Wing Time % Phy DF OF
1 Mika Zibanejad Chris Kreider Nikita Kucherov 60 0 0 5
2 Jean-Gabriel Pageau Greg Stewart Rickard Rakell 40 0 0 5
PowerPlay Defense
Defense Defense Time % Phy DF OF
1 Kevin Shattenkirk Adam Fox 60 0 0 5
2 Cam Fowler Mark Stuart 40 0 0 5
Penalty Kill 4 Players Forward
Center Wing Time % Phy DF OF
1 Mike Richards Scott Hartnell 60 0 4 1
2 Corban Knight Brandon Bollig 40 0 4 1
Penalty Kill 4 Players Defense
Defense Defense Time % Phy DF OF
1 Cam Fowler Mark Stuart 60 0 5 0
2 Sean Zimmerman Kevin Shattenkirk 40 0 5 0
Penalty Kill - 3 Players Forward
Forward Time % Phy DF OF
1 Jean-Gabriel Pageau 60 0 5 0
2 Mika Zibanejad 40 0 5 0
Penalty Kill - 3 Players Defense
Defense Defense Time % Phy DF OF
1 Cam Fowler Mark Stuart 60 0 5 0
2 Sean Zimmerman Kevin Shattenkirk 40 0 5 0
4 vs 4 Forward
Center Wing Time % Phy DF OF
1 Jean-Gabriel Pageau Chris Kreider 60 0 2 3
2 Mika Zibanejad Nikita Kucherov 40 0 2 3
4 vs 4 Defense
Defense Defense Time % Phy DF OF
1 Adam Fox Brian Dumoulin 60 0 2 3
2 Cam Fowler Mark Stuart 40 1 2 2
Last Minutes Offensive
Center Left Wing Right Wing Defense Defense
Mika Zibanejad Chris Kreider Nikita Kucherov Kevin Shattenkirk Cam Fowler
Last Minutes Defensive
Center Left Wing Right Wing Defense Defense
Jean-Gabriel Pageau Scott Hartnell Jordan Szwarz Mark Stuart Cam Fowler
Goaltenders
Starting : Robin Lehner
Backup : Allen York
Extra Forwards
Normal : Chris Kreider, Mika Zibanejad, Jean-Gabriel Pageau - PP : Chris Kreider, Mika Zibanejad - PK : Scott Hartnell
Extra Defensemen
Normal : Kevin Shattenkirk, Cam Fowler, Mark Stuart - PP : Kevin Shattenkirk - PK : Cam Fowler, Mark Stuart
Penalty Shots
Chris Kreider, Jean-Gabriel Pageau, Mika Zibanejad, Nikita Kucherov, Rickard Rakell
Scratches
Philip Larsen (Healthy)
Kings
5 vs 5 Forward
Center Left Wing Right Wing Time % Phy DF OF
1 Mark Scheifele Kyle Clifford Jason Spezza 30 1 2 2
2 Sean Monahan Chris Tierney Mikko Rantanen 30 1 2 2
3 Auston Matthews William Nylander Mitch Marner 30 1 2 2
4 Jason Akeson Benoit Pouliot Ilya Kovalchuk 10 1 2 2
5 vs 5 Defense
Defense Defense Time % Phy DF OF
1 Jeff Schultz Rasmus Ristolainen 40 1 2 2
2 Darnell Nurse Ian White 40 1 2 2
3 Mark Fistric Thomas Chabot 20 1 2 2
4 Jeff Schultz Rasmus Ristolainen 0 1 2 2
PowerPlay Forward
Center Left Wing Right Wing Time % Phy DF OF
1 Auston Matthews Kyle Clifford Mikko Rantanen 60 1 1 3
2 Sean Monahan William Nylander Mitch Marner 40 1 1 3
PowerPlay Defense
Defense Defense Time % Phy DF OF
1 Mark Scheifele Rasmus Ristolainen 60 0 2 3
2 Thomas Chabot Chris Tierney 40 0 3 2
Penalty Kill 4 Players Forward
Center Wing Time % Phy DF OF
1 Mark Scheifele Kyle Clifford 60 1 2 2
2 Sean Monahan Chris Tierney 40 1 2 2
Penalty Kill 4 Players Defense
Defense Defense Time % Phy DF OF
1 Jeff Schultz Rasmus Ristolainen 60 1 2 2
2 Darnell Nurse Mark Fistric 40 1 2 2
Penalty Kill - 3 Players Forward
Forward Time % Phy DF OF
1 Mark Scheifele 60 1 2 2
2 Sean Monahan 40 1 2 2
Penalty Kill - 3 Players Defense
Defense Defense Time % Phy DF OF
1 Jeff Schultz Rasmus Ristolainen 60 1 2 2
2 Darnell Nurse Mark Fistric 40 1 2 2
4 vs 4 Forward
Center Wing Time % Phy DF OF
1 Mark Scheifele Kyle Clifford 60 1 2 2
2 Sean Monahan Benoit Pouliot 40 1 2 2
4 vs 4 Defense
Defense Defense Time % Phy DF OF
1 Jeff Schultz Rasmus Ristolainen 60 1 2 2
2 Darnell Nurse Mark Fistric 40 1 2 2
Last Minutes Offensive
Center Left Wing Right Wing Defense Defense
Mark Scheifele Kyle Clifford Jason Spezza Jeff Schultz Rasmus Ristolainen
Last Minutes Defensive
Center Left Wing Right Wing Defense Defense
Mark Scheifele Kyle Clifford Jason Spezza Thomas Chabot Rasmus Ristolainen
Goaltenders
Starting : Alexandar Georgiev
Backup : Joonas Korpisalo
Extra Forwards
Normal : Sean Monahan, Jason Akeson, Chris Tierney - PP : Benoit Pouliot, Jason Spezza - PK : Jason Spezza
Extra Defensemen
Normal : Darnell Nurse, Mark Fistric, Ian White - PP : Darnell Nurse - PK : Rasmus Ristolainen, Thomas Chabot
Penalty Shots
Kyle Clifford, Mark Scheifele, Jason Spezza, Benoit Pouliot, Sean Monahan
Scratches
Braydon Coburn (Healthy), Luke Adam (Healthy), Michael Matheson (Healthy), Neal Pionk (Healthy), Zac Rinaldo (Healthy)
% Time on Ice - Canadiens
Lines # - Real PCT - Wanted PCT - Time Play
Normal Forward
1 - 36% - 40% - 15:52
2 - 29% - 35% - 13:01
3 - 22% - 20% - 9:42
4 - 13% - 5% - 5:55
Normal Defense
1 - 32% - 40% - 14:20
2 - 36% - 35% - 15:54
3 - 26% - 15% - 11:36
4 - 6% - 10% - 2:40
PP Forward
1 - 57% - 60% - 3:01
2 - 43% - 40% - 2:16
PP Defense
1 - 58% - 60% - 3:03
2 - 42% - 40% - 2:14
PK Forward
1 - 71% - 60% - 6:32
2 - 29% - 40% - 2:43
PK Defense
1 - 56% - 60% - 5:09
2 - 44% - 40% - 4:06
PK3 Forward
1 - 0% - 60%
2 - 0% - 40%
PK3 Defense
1 - 0% - 60%
2 - 0% - 40%
44 Forward
1 - 88% - 60% - 0:35
2 - 13% - 40% - 0:05
44 Defense
1 - 100% - 60% - 0:40
2 - 0% - 40% - 0:00
Last Minute Offensive - 0:00
Last Minute Defensive - 0:18
Total
Forward - 60:00
Defense - 60:00
|
% Time on Ice - Kings
Lines # - Real PCT - Wanted PCT - Time Play
Normal Forward
1 - 28% - 30% - 12:23
2 - 28% - 30% - 12:26
3 - 27% - 30% - 12:05
4 - 17% - 10% - 7:37
Normal Defense
1 - 40% - 40% - 17:41
2 - 40% - 40% - 17:38
3 - 21% - 20% - 9:12
4 - 0% - 0% - 0:00
PP Forward
1 - 47% - 60% - 4:23
2 - 53% - 40% - 4:52
PP Defense
1 - 51% - 60% - 4:42
2 - 49% - 40% - 4:33
PK Forward
1 - 79% - 60% - 4:09
2 - 21% - 40% - 1:08
PK Defense
1 - 56% - 60% - 2:58
2 - 44% - 40% - 2:19
PK3 Forward
1 - 0% - 60%
2 - 0% - 40%
PK3 Defense
1 - 0% - 60%
2 - 0% - 40%
44 Forward
1 - 80% - 60% - 0:32
2 - 20% - 40% - 0:08
44 Defense
1 - 80% - 60% - 0:32
2 - 20% - 40% - 0:08
Last Minute Offensive - 0:17
Last Minute Defensive - 0:00
Total
Forward - 60:00
Defense - 60:00
|
Play-by-Play
1st period
0:01 of 1st period - Mark Scheifele wins face-off versus Mika Zibanejad in neutral zone.
0:12 of 1st period - Wrist shot by Jason Spezza.
0:12 of 1st period - Shot Misses the Net.
0:27 of 1st period - Off-side.
0:28 of 1st period - Sean Monahan wins face-off versus Jean-Gabriel Pageau in neutral zone.
1:20 of 1st period - Wrist shot by Chris Kreider.
1:20 of 1st period - Shot Blocked by Mark Fistric.
1:28 of 1st period - Wrist shot by Nikita Kucherov.
1:28 of 1st period - Shot Misses the Net.
1:48 of 1st period - Slapshot by Brandon Bollig.
1:48 of 1st period - Stopped by Alexandar Georgiev without a rebound.
1:49 of 1st period - Jean-Gabriel Pageau wins face-off versus Auston Matthews in Kings zone.
2:14 of 1st period - Snap shot by Jordan Szwarz.
2:14 of 1st period - Shot Misses the Net.
2:16 of 1st period - Snap shot by Brian Dumoulin.
2:16 of 1st period - Shot Misses the Net.
2:18 of 1st period - Slapshot by Brian Dumoulin.
2:18 of 1st period - Stopped by Alexandar Georgiev with a rebound.
2:55 of 1st period - Icing by Chris Tierney.
2:56 of 1st period - Sean Monahan wins face-off versus Jean-Gabriel Pageau in Kings zone.
2:56 of 1st period - Sean Monahan is hit by Cam Fowler.
3:52 of 1st period - Snap shot by Mikko Rantanen.
3:52 of 1st period - Shot Misses the Net.
4:06 of 1st period - Wrist shot by Mark Scheifele.
4:06 of 1st period - Stopped by Robin Lehner without a rebound.
4:07 of 1st period - Mark Scheifele wins face-off versus Rickard Rakell in Canadiens zone.
4:16 of 1st period - Snap shot by Rasmus Ristolainen.
4:16 of 1st period - Deflect By Greg Stewart.
4:16 of 1st period - Goal by Rasmus Ristolainen - Canadiens : 0 - Kings : 1.
4:17 of 1st period - Mark Scheifele wins face-off versus Mika Zibanejad in neutral zone.
4:24 of 1st period - Snap shot by Kyle Clifford.
4:24 of 1st period - Deflect By Jason Spezza.
4:24 of 1st period - Stopped by Robin Lehner with a rebound.
4:32 of 1st period - Slapshot by Rasmus Ristolainen.
4:32 of 1st period - Stopped by Robin Lehner with a rebound.
5:14 of 1st period - Slapshot by Mattias Tedenby.
5:14 of 1st period - Stopped by Alexandar Georgiev with a rebound.
5:16 of 1st period - Snap shot by Kevin Shattenkirk.
5:16 of 1st period - Shot Blocked by Thomas Chabot.
6:16 of 1st period - Wrist shot by Jordan Szwarz.
6:16 of 1st period - Stopped by Alexandar Georgiev with a rebound.
6:18 of 1st period - Slapshot by Sean Zimmerman.
6:18 of 1st period - Deflect By Rickard Rakell.
6:18 of 1st period - Shot Misses the Net.
6:18 of 1st period - Puck is out of play.
6:19 of 1st period - Greg Stewart wins face-off versus Auston Matthews in Kings zone.
6:44 of 1st period - Chris Kreider is hit by Mikko Rantanen and loses puck.
8:01 of 1st period - Slapshot by Kevin Shattenkirk.
8:01 of 1st period - Stopped by Alexandar Georgiev with a rebound.
8:23 of 1st period - Darnell Nurse is hit by Mark Stuart and loses puck.
8:38 of 1st period - Wrist shot by Jason Spezza.
8:38 of 1st period - Shot Misses the Net.
8:55 of 1st period - Off-side.
8:56 of 1st period - Jason Akeson wins face-off versus Jean-Gabriel Pageau in neutral zone.
8:59 of 1st period - Slapshot by Rasmus Ristolainen.
8:59 of 1st period - Shot Blocked by Brian Dumoulin.
9:01 of 1st period - Slapshot by Rasmus Ristolainen.
9:01 of 1st period - Stopped by Robin Lehner with a rebound.
9:35 of 1st period - Snap shot by Nikita Kucherov.
9:35 of 1st period - Shot Blocked by Chris Tierney.
10:06 of 1st period - Mark Scheifele is hit by Mike Richards and loses puck.
10:31 of 1st period - Wrist shot by Mark Scheifele.
10:31 of 1st period - Shot Hit the Post.
10:33 of 1st period - Snap shot by Kyle Clifford.
10:33 of 1st period - Deflect By Greg Stewart.
10:33 of 1st period - Shot Misses the Net.
10:33 of 1st period - Puck is out of play.
10:34 of 1st period - Mika Zibanejad wins face-off versus Auston Matthews in Canadiens zone.
10:43 of 1st period - Chris Kreider is hit by Auston Matthews and loses puck.
11:10 of 1st period - Icing by Sean Monahan.
11:11 of 1st period - Sean Monahan wins face-off versus Mike Richards in Kings zone.
11:21 of 1st period - Off-side.
11:22 of 1st period - Auston Matthews wins face-off versus Mika Zibanejad in neutral zone.
11:35 of 1st period - Slapshot by Mitch Marner.
11:35 of 1st period - Shot Misses the Net.
11:45 of 1st period - Minor Penalty to Nikita Kucherov for Hooking.
11:46 of 1st period - Mike Richards wins face-off versus Auston Matthews in Canadiens zone.
12:52 of 1st period - Icing by Mark Scheifele.
12:53 of 1st period - Corban Knight wins face-off versus Auston Matthews in Kings zone.
13:15 of 1st period - Off-side.
13:16 of 1st period - Sean Monahan wins face-off versus Corban Knight in neutral zone.
13:45 of 1st period - Penalty to Nikita Kucherov is over, Nikita Kucherov is back on ice.
13:50 of 1st period - Off-side.
13:51 of 1st period - Mark Scheifele wins face-off versus Mika Zibanejad in neutral zone.
14:51 of 1st period - Snap shot by Mark Scheifele.
14:51 of 1st period - Stopped by Robin Lehner without a rebound.
14:52 of 1st period - Jean-Gabriel Pageau wins face-off versus Auston Matthews in Canadiens zone.
14:57 of 1st period - Slapshot by Greg Stewart.
14:57 of 1st period - Stopped by Alexandar Georgiev with a rebound.
15:33 of 1st period - Snap shot by Sean Monahan.
15:33 of 1st period - Stopped by Robin Lehner with a rebound.
15:39 of 1st period - Darnell Nurse is hit by Chris Kreider and loses puck.
15:56 of 1st period - Wrist shot by Ilya Kovalchuk.
15:56 of 1st period - Shot Misses the Net.
15:58 of 1st period - Snap shot by Benoit Pouliot.
15:58 of 1st period - Shot Misses the Net.
16:22 of 1st period - Off-side.
16:23 of 1st period - Jean-Gabriel Pageau wins face-off versus Mark Scheifele in neutral zone.
16:36 of 1st period - Mark Stuart is hit by Rasmus Ristolainen and loses puck.
17:00 of 1st period - Wrist shot by William Nylander.
17:00 of 1st period - Shot Blocked by Mika Zibanejad.
17:30 of 1st period - Slapshot by Brandon Bollig.
17:30 of 1st period - Stopped by Alexandar Georgiev with a rebound.
17:54 of 1st period - Snap shot by Mark Scheifele.
17:54 of 1st period - Shot Blocked by Sean Zimmerman.
17:56 of 1st period - Snap shot by Ian White.
17:56 of 1st period - Shot Misses the Net.
17:58 of 1st period - Slapshot by Ian White.
17:58 of 1st period - Shot Misses the Net.
18:00 of 1st period - Snap shot by Jason Spezza.
18:00 of 1st period - Shot Misses the Net.
Goals for this period are 0 for Canadiens vs 1 for Kings.
Shots for this period are 7 for Canadiens vs 7 for Kings.
2nd period
0:01 of 2nd period - Sean Monahan wins face-off versus Mika Zibanejad in neutral zone.
1:33 of 2nd period - Snap shot by Chris Kreider.
1:33 of 2nd period - Stopped by Alexandar Georgiev with a rebound.
1:35 of 2nd period - Snap shot by Chris Kreider.
1:35 of 2nd period - Shot Blocked by Ian White.
1:37 of 2nd period - Wrist shot by Mika Zibanejad.
1:37 of 2nd period - Shot Misses the Net.
1:39 of 2nd period - Snap shot by Sean Zimmerman.
1:39 of 2nd period - Stopped by Alexandar Georgiev without a rebound.
1:40 of 2nd period - Jean-Gabriel Pageau wins face-off versus Auston Matthews in Kings zone.
1:54 of 2nd period - Wrist shot by Jean-Gabriel Pageau.
1:54 of 2nd period - Stopped by Alexandar Georgiev with a rebound.
1:56 of 2nd period - Slapshot by Greg Stewart.
1:56 of 2nd period - Deflect By Rickard Rakell.
1:56 of 2nd period - Shot Misses the Net.
1:56 of 2nd period - Puck is out of play.
1:57 of 2nd period - Sean Monahan wins face-off versus Mika Zibanejad in Kings zone.
2:25 of 2nd period - Wrist shot by Rickard Rakell.
2:25 of 2nd period - Deflect By Jean-Gabriel Pageau.
2:25 of 2nd period - Shot Blocked by Auston Matthews.
2:25 of 2nd period - Puck is out of play.
2:26 of 2nd period - Jean-Gabriel Pageau wins face-off versus Auston Matthews in Kings zone.
2:27 of 2nd period - Snap shot by Greg Stewart.
2:27 of 2nd period - Goal by Greg Stewart - Canadiens : 1 - Kings : 1.
2:28 of 2nd period - Sean Monahan wins face-off versus Jean-Gabriel Pageau in neutral zone.
2:50 of 2nd period - Icing by Mikko Rantanen.
2:51 of 2nd period - Mark Scheifele wins face-off versus Nikita Kucherov in Kings zone.
3:23 of 2nd period - Backhand shot by Jordan Szwarz.
3:23 of 2nd period - Stopped by Alexandar Georgiev with a rebound.
3:25 of 2nd period - Backhand shot by Mike Richards.
3:25 of 2nd period - Stopped by Alexandar Georgiev with a rebound.
3:27 of 2nd period - Slapshot by Kevin Shattenkirk.
3:27 of 2nd period - Stopped by Alexandar Georgiev without a rebound.
3:28 of 2nd period - Auston Matthews wins face-off versus Jean-Gabriel Pageau in Kings zone.
5:28 of 2nd period - Snap shot by Nikita Kucherov.
5:28 of 2nd period - Shot Misses the Net.
5:30 of 2nd period - Snap shot by Nikita Kucherov.
5:30 of 2nd period - Stopped by Alexandar Georgiev without a rebound.
5:31 of 2nd period - Jean-Gabriel Pageau wins face-off versus Auston Matthews in Kings zone.
6:02 of 2nd period - Slapshot by Chris Kreider.
6:02 of 2nd period - Shot Blocked by Jeff Schultz.
6:12 of 2nd period - Cam Fowler is hit by Mikko Rantanen and loses puck.
6:31 of 2nd period - Wrist shot by Kyle Clifford.
6:31 of 2nd period - Shot Misses the Net.
7:02 of 2nd period - Icing by Greg Stewart.
7:03 of 2nd period - Jason Akeson wins face-off versus Corban Knight in Canadiens zone.
7:06 of 2nd period - Slapshot by Benoit Pouliot.
7:06 of 2nd period - Stopped by Robin Lehner without a rebound.
7:07 of 2nd period - Corban Knight wins face-off versus Jason Akeson in Canadiens zone.
7:14 of 2nd period - Slapshot by Mark Stuart.
7:14 of 2nd period - Stopped by Alexandar Georgiev with a rebound.
7:16 of 2nd period - Slapshot by Mark Stuart.
7:16 of 2nd period - Shot Blocked by Ian White.
7:18 of 2nd period - Snap shot by Adam Fox.
7:18 of 2nd period - Deflect By Mattias Tedenby.
7:18 of 2nd period - Shot Misses the Net.
7:18 of 2nd period - Puck is out of play.
7:19 of 2nd period - Sean Monahan wins face-off versus Mika Zibanejad in Kings zone.
7:24 of 2nd period - Snap shot by Rasmus Ristolainen.
7:24 of 2nd period - Stopped by Robin Lehner without a rebound.
7:25 of 2nd period - Mika Zibanejad wins face-off versus Sean Monahan in Canadiens zone.
8:26 of 2nd period - Backhand shot by Sean Monahan.
8:26 of 2nd period - Stopped by Robin Lehner with a rebound.
8:35 of 2nd period - Icing by Adam Fox.
8:36 of 2nd period - Auston Matthews wins face-off versus Mika Zibanejad in Canadiens zone.
8:43 of 2nd period - Slapshot by Mitch Marner.
8:43 of 2nd period - Shot Blocked by Adam Fox.
8:45 of 2nd period - Slapshot by Darnell Nurse.
8:45 of 2nd period - Stopped by Robin Lehner with a rebound.
8:47 of 2nd period - Slapshot by Ian White.
8:47 of 2nd period - Shot Misses the Net.
8:49 of 2nd period - Slapshot by Ian White.
8:49 of 2nd period - Shot Blocked by Adam Fox.
8:51 of 2nd period - Wrist shot by Mitch Marner.
8:51 of 2nd period - Stopped by Robin Lehner with a rebound.
8:53 of 2nd period - Snap shot by Auston Matthews.
8:53 of 2nd period - Shot Misses the Net.
9:05 of 2nd period - Darnell Nurse is hit by Rickard Rakell and loses puck.
9:21 of 2nd period - Mark Scheifele is hit by Greg Stewart and loses puck.
9:33 of 2nd period - Minor Penalty to Jean-Gabriel Pageau for Tripping.
9:34 of 2nd period - Mike Richards wins face-off versus Kyle Clifford in Canadiens zone.
10:00 of 2nd period - Sean Zimmerman is hit by Sean Monahan.
11:33 of 2nd period - Penalty to Jean-Gabriel Pageau is over, Jean-Gabriel Pageau is back on ice.
11:37 of 2nd period - Slapshot by Brian Dumoulin.
11:37 of 2nd period - Stopped by Alexandar Georgiev without a rebound.
11:38 of 2nd period - Jean-Gabriel Pageau wins face-off versus Jason Akeson in Kings zone.
11:51 of 2nd period - Jason Akeson is hit by Jean-Gabriel Pageau and loses puck.
12:32 of 2nd period - Snap shot by Mitch Marner.
12:32 of 2nd period - Shot Misses the Net.
12:45 of 2nd period - Minor Penalty to Darnell Nurse for Hooking.
12:46 of 2nd period - Mark Scheifele wins face-off versus Mika Zibanejad in Kings zone.
14:00 of 2nd period - Snap shot by Mika Zibanejad.
14:00 of 2nd period - Shot Misses the Net.
14:02 of 2nd period - Slapshot by Adam Fox.
14:02 of 2nd period - Stopped by Alexandar Georgiev with a rebound.
14:04 of 2nd period - Slapshot by Nikita Kucherov.
14:04 of 2nd period - Stopped by Alexandar Georgiev without a rebound.
14:05 of 2nd period - Sean Monahan wins face-off versus Rickard Rakell in Kings zone.
14:45 of 2nd period - Penalty to Darnell Nurse is over, Darnell Nurse is back on ice.
14:52 of 2nd period - William Nylander is hit by Jordan Szwarz and loses puck.
15:20 of 2nd period - Brandon Bollig is hit by Thomas Chabot and loses puck.
15:29 of 2nd period - Wrist shot by Sean Monahan.
15:29 of 2nd period - Shot Misses the Net.
16:04 of 2nd period - Jeff Schultz is hit by Greg Stewart and loses puck.
16:15 of 2nd period - Kevin Shattenkirk is hit by William Nylander and loses puck.
16:38 of 2nd period - Snap shot by Mikko Rantanen.
16:38 of 2nd period - Shot Misses the Net.
16:46 of 2nd period - Mika Zibanejad is hit by Sean Monahan and loses puck.
17:03 of 2nd period - Wrist shot by Mattias Tedenby.
17:03 of 2nd period - Deflect By Mark Scheifele.
17:03 of 2nd period - Stopped by Alexandar Georgiev with a rebound.
17:45 of 2nd period - Snap shot by Jordan Szwarz.
17:45 of 2nd period - Shot Misses the Net.
17:47 of 2nd period - Wrist shot by Jordan Szwarz.
17:47 of 2nd period - Shot Misses the Net.
18:33 of 2nd period - Brian Dumoulin is hit by Mark Scheifele and loses puck.
18:51 of 2nd period - Wrist shot by Scott Hartnell.
18:51 of 2nd period - Deflect By Mike Richards.
18:51 of 2nd period - Shot Blocked by Ian White.
18:51 of 2nd period - Puck is out of play.
18:52 of 2nd period - Auston Matthews wins face-off versus Mika Zibanejad in Kings zone.
18:57 of 2nd period - Slapshot by Rasmus Ristolainen.
18:57 of 2nd period - Shot Misses the Net.
19:02 of 2nd period - Icing by Adam Fox.
19:03 of 2nd period - Mika Zibanejad wins face-off versus Auston Matthews in Canadiens zone.
19:14 of 2nd period - Wrist shot by Nikita Kucherov.
19:14 of 2nd period - Shot Misses the Net.
19:16 of 2nd period - Slapshot by Adam Fox.
19:16 of 2nd period - Deflect By Mitch Marner.
19:16 of 2nd period - Stopped by Alexandar Georgiev with a rebound.
19:18 of 2nd period - Wrist shot by Mika Zibanejad.
19:18 of 2nd period - Stopped by Alexandar Georgiev without a rebound.
19:19 of 2nd period - Mark Scheifele wins face-off versus Jean-Gabriel Pageau in Kings zone.
19:44 of 2nd period - Jason Spezza is hit by Mike Richards and loses puck.
19:51 of 2nd period - Snap shot by Scott Hartnell.
19:51 of 2nd period - Stopped by Alexandar Georgiev with a rebound.
Goals for this period are 1 for Canadiens vs 0 for Kings.
Shots for this period are 16 for Canadiens vs 5 for Kings.
3rd period
0:01 of 3rd period - Auston Matthews wins face-off versus Mika Zibanejad in neutral zone.
0:26 of 3rd period - Jeff Schultz is hit by Jean-Gabriel Pageau and loses puck.
0:55 of 3rd period - Wrist shot by Kyle Clifford.
0:55 of 3rd period - Deflect By Mark Scheifele.
0:55 of 3rd period - Shot Blocked by Mike Richards.
0:55 of 3rd period - Puck is out of play.
0:56 of 3rd period - Mika Zibanejad wins face-off versus Auston Matthews in Canadiens zone.
1:00 of 3rd period - Icing by Nikita Kucherov.
1:01 of 3rd period - Auston Matthews wins face-off versus Mika Zibanejad in Canadiens zone.
1:58 of 3rd period - Snap shot by Kyle Clifford.
1:58 of 3rd period - Stopped by Robin Lehner with a rebound.
2:00 of 3rd period - Snap shot by Mark Scheifele.
2:00 of 3rd period - Deflect By Scott Hartnell.
2:00 of 3rd period - Stopped by Robin Lehner with a rebound.
2:02 of 3rd period - Wrist shot by Mark Scheifele.
2:02 of 3rd period - Shot Misses the Net.
2:35 of 3rd period - Icing by Nikita Kucherov.
2:36 of 3rd period - Mitch Marner wins face-off versus Mika Zibanejad in Canadiens zone.
2:51 of 3rd period - Snap shot by William Nylander.
2:51 of 3rd period - Stopped by Robin Lehner with a rebound.
3:12 of 3rd period - Wrist shot by Sean Monahan.
3:12 of 3rd period - Deflect By Chris Tierney.
3:12 of 3rd period - Stopped by Robin Lehner without a rebound.
3:13 of 3rd period - Mark Scheifele wins face-off versus Jean-Gabriel Pageau in Canadiens zone.
3:18 of 3rd period - Snap shot by Mark Scheifele.
3:18 of 3rd period - Shot Blocked by Cam Fowler.
3:24 of 3rd period - Wrist shot by Mark Scheifele.
3:24 of 3rd period - Shot Misses the Net.
3:26 of 3rd period - Snap shot by Kyle Clifford.
3:26 of 3rd period - Stopped by Robin Lehner without a rebound.
3:27 of 3rd period - Jean-Gabriel Pageau wins face-off versus Chris Tierney in Canadiens zone.
3:29 of 3rd period - Minor Penalty to Greg Stewart for Tripping.
3:30 of 3rd period - Auston Matthews wins face-off versus Mike Richards in Canadiens zone.
4:32 of 3rd period - Thomas Chabot is hit by Brandon Bollig.
5:29 of 3rd period - Penalty to Greg Stewart is over, Greg Stewart is back on ice.
6:17 of 3rd period - Mark Fistric is hit by Kevin Shattenkirk and loses puck.
6:39 of 3rd period - Minor Penalty to Mitch Marner for Roughing.
6:40 of 3rd period - Mika Zibanejad wins face-off versus Mark Scheifele in Kings zone.
6:49 of 3rd period - Snap shot by Mika Zibanejad.
6:49 of 3rd period - Shot Blocked by Jeff Schultz.
7:58 of 3rd period - Minor Penalty to Rickard Rakell for Roughing.
7:59 of 3rd period - Mark Scheifele wins face-off versus Jean-Gabriel Pageau in Canadiens zone.
8:39 of 3rd period - Penalty to Mitch Marner is over, Mitch Marner is back on ice.
8:45 of 3rd period - Slapshot by Nikita Kucherov.
8:45 of 3rd period - Stopped by Alexandar Georgiev with a rebound.
9:19 of 3rd period - Wrist shot by Sean Monahan.
9:19 of 3rd period - Shot Misses the Net.
9:58 of 3rd period - Penalty to Rickard Rakell is over, Rickard Rakell is back on ice.
11:14 of 3rd period - Wrist shot by Jordan Szwarz.
11:14 of 3rd period - Goal by Jordan Szwarz - Canadiens : 2 - Kings : 1.
11:15 of 3rd period - Jean-Gabriel Pageau wins face-off versus Sean Monahan in neutral zone.
11:23 of 3rd period - Minor Penalty to Mikko Rantanen for Roughing.
11:24 of 3rd period - Mark Scheifele wins face-off versus Mika Zibanejad in Kings zone.
11:32 of 3rd period - Jeff Schultz is hit by Chris Kreider and loses puck.
12:35 of 3rd period - Mark Fistric is hit by Rickard Rakell.
13:23 of 3rd period - Penalty to Mikko Rantanen is over, Mikko Rantanen is back on ice.
13:34 of 3rd period - Slapshot by Jordan Szwarz.
13:34 of 3rd period - Shot Blocked by Darnell Nurse.
13:36 of 3rd period - Wrist shot by Scott Hartnell.
13:36 of 3rd period - Deflect By Darnell Nurse.
13:36 of 3rd period - Stopped by Alexandar Georgiev without a rebound.
13:37 of 3rd period - Auston Matthews wins face-off versus Mike Richards in Kings zone.
13:44 of 3rd period - Slapshot by William Nylander.
13:44 of 3rd period - Shot Blocked by Jordan Szwarz.
14:04 of 3rd period - Snap shot by Mattias Tedenby.
14:04 of 3rd period - Shot Blocked by Jeff Schultz.
14:06 of 3rd period - Slapshot by Cam Fowler.
14:06 of 3rd period - Deflect By Sean Monahan.
14:06 of 3rd period - Stopped by Alexandar Georgiev without a rebound.
14:07 of 3rd period - Sean Monahan wins face-off versus Mika Zibanejad in Kings zone.
14:13 of 3rd period - Off-side.
14:14 of 3rd period - Mika Zibanejad wins face-off versus Sean Monahan in neutral zone.
14:39 of 3rd period - Nikita Kucherov is hit by William Nylander and loses puck.
15:02 of 3rd period - Jason Spezza is hit by Kevin Shattenkirk and loses puck.
15:11 of 3rd period - Snap shot by Greg Stewart.
15:11 of 3rd period - Stopped by Alexandar Georgiev with a rebound.
15:48 of 3rd period - Wrist shot by Chris Tierney.
15:48 of 3rd period - Stopped by Robin Lehner with a rebound.
16:24 of 3rd period - Jason Spezza is hit by Nikita Kucherov and loses puck.
16:42 of 3rd period - Ilya Kovalchuk is hit by Jordan Szwarz and loses puck.
17:40 of 3rd period - Minor Penalty to Corban Knight for Elbowing.
17:41 of 3rd period - Mike Richards wins face-off versus Auston Matthews in Canadiens zone.
18:17 of 3rd period - Icing by Mark Scheifele.
18:18 of 3rd period - Mitch Marner wins face-off versus Mike Richards in Kings zone.
18:29 of 3rd period - Slapshot by Rasmus Ristolainen.
18:29 of 3rd period - Stopped by Robin Lehner without a rebound.
18:30 of 3rd period - Mikko Rantanen wins face-off versus Jean-Gabriel Pageau in Canadiens zone.
18:41 of 3rd period - Cam Fowler is hit by Mark Scheifele.
18:57 of 3rd period - Cam Fowler is hit by Sean Monahan and loses puck.
19:32 of 3rd period - Thomas Chabot is hit by Mike Richards and loses puck.
19:40 of 3rd period - Penalty to Corban Knight is over, Corban Knight is back on ice.
19:54 of 3rd period - Off-side.
19:55 of 3rd period - Ken Hitchcock call a timeout for Kings.
19:55 of 3rd period - Mark Scheifele wins face-off versus Jean-Gabriel Pageau in neutral zone.
Goals for this period are 1 for Canadiens vs 0 for Kings.
Shots for this period are 5 for Canadiens vs 7 for Kings.